[Event "Early-Titled-Tuesday-Blitz-March-05-2024"]
[Site "Chess.com"]
[Date "2024.03.05"]
[Round "3"]
[White "lilleper1"]
[Black "SirStrateg"]
[Result "1-0"]
[WhiteElo "2909"]
[BlackElo "2678"]
[TimeControl "180+1"]
[EndTime "8:30:39 PST"]
[Termination "lilleper1 won by resignation"]

1. e4 d6 2. d4 Nf6 3. Nc3 c6 4. f4 Qa5 5. Nf3 Nxe4 6. Bd3 Nxc3 7. bxc3 Bf5 8. O-O Nd7 9. Rb1 b6 10. Re1 e6 11. c4 Bxd3 12. Qxd3 Be7 13. Bb2 d5 14.
cxd5 cxd5 15. f5 O-O 16. fxe6 fxe6 17. Rxe6 Qxa2 18. Rbe1 Bf6 19. Ba3 Rf7 20. h4 Nf8 21. Re8 Rxe8 22. Rxe8 g6 23. Qe3 Kg7 24. Ng5 Qa1+ 25.
Kh2 Bxd4 26. Bxf8+ Rxf8 27. Qe7+ 1-0

[Event "Early-Titled-Tuesday-Blitz-March-05-2024"]
[Site "Chess.com"]
[Date "2024.03.05"]
[Round "3"]
[White "JG-17"]
[Black "Gennady_Kozlov"]
[Result "1-0"]
[WhiteElo "2494"]
[BlackElo "2663"]
[TimeControl "180+1"]
[EndTime "8:30:41 PST"]
[Termination "JG-17 won by resignation"]

1. e4 c6 2. Nc3 d5 3. Nf3 Bg4 4. h3 Bxf3 5. Qxf3 e6 6. d3 Nf6 7. g4 Be7 8. Bd2 Qb6 9. O-O-O a5 10. g5 Nfd7 11. h4 a4 12. a3 Na6 13. h5 Nac5 14.
g6 hxg6 15. hxg6 Rxh1 16. gxf7+ Kf8 17. Qxh1 Kxf7 18. Qh5+ Kg8 19. Bh3 Nf6 20. Qg6 Rf8 21. d4 Nfxe4 22. dxc5 Nxc5 23. Bxe6+ Nxe6 24. Qxe6+ Rf7 25. Be3 Qc7 26. Rh1 b5 27. Rh8+ Kxh8 28. Qxf7 Qe5 29. Ne2 Bf6 30. c3 c5 31. Nf4 Qf5 32. Qxd5 Qg4 33. Qh5+ Qxh5 34. Nxh5 Be7 35. Nf4 b4 36. Ng6+ 1-0

[Event "Early-Titled-Tuesday-Blitz-March-05-2024"]
[Site "Chess.com"]
[Date "2024.03.05"]
[Round "3"]
[White "Bulatova_Kamaliya"]
[Black "BeardedNM"]
[Result "1-0"]
[WhiteElo "2428"]
[BlackElo "2200"]
[TimeControl "180+1"]
[EndTime "8:30:41 PST"]
[Termination "Bulatova_Kamaliya won by checkmate"]

1. e4 e6 2. Qe2 c5 3. b3 Nc6 4.
Bb2 Nf6 5. Nc3 Be7 6. g4 d5 7. g5 Nxe4 8. Nxe4 dxe4 9. h4 Nd4 10.
Qxe4 e5 11. Bh3 Bd6 12. Ne2 O-O 13. O-O-O Qa5 14. Kb1 Qc7 15. h5 a5 16. g6 fxg6 17. hxg6 h6 18. Qd5+ Kh8 19. Nxd4 cxd4 20. Bf1 Bf5 21.
Bc4 Bxg6 22. Rdg1 Bf7 23. Qg2 Bxc4 24. bxc4 Rf7 25. Qg6 Bf8 26. Rxh6+ gxh6 27. Qg8# 1-0

[Event "Early-Titled-Tuesday-Blitz-March-05-2024"]
[Site "Chess.com"]
[Date "2024.03.05"]
[Round "3"]
[White "Predator0608"]
[Black "Chernov_Mikhail"]
[Result "0-1"]
[WhiteElo "2543"]
[BlackElo "2361"]
[TimeControl "180+1"]
[EndTime "8:30:42 PST"]
[Termination "Chernov_Mikhail won by resignation"]

1. f4 f5 2. Nf3 Nf6 3. g3 e6 4. Bg2 d5 5. O-O Bd6 6. d3 O-O 7.
Qe1 b6 8. Nbd2 Bb7 9. Nh4 Bc5+ 10. Kh1 Ng4 11. Nb3 Be7 12. Nf3 c5 13. Ng1 Nf6 14.
Nd2 Nc6 15. e4 Nd4 16. exf5 Nxc2 17. Qxe6+ Kh8 18. Rb1 Nd4 19. Qe3 Nxf5 20. Qf3 Rb8 21.
Ne2 Re8 22. Nc3 Bf8 23. Nb3 d4 24. Ne4 Nxe4 25. dxe4 Bxe4 26. Qxe4 Rxe4 27. Bxe4 Ne3 28.
Bxe3 dxe3 29. Kg2 c4 30. Na1 Qd2+ 31. Kf3 Bc5 32. Nc2 Re8 33. Rbc1 e2 34. Rfe1 Rxe4 35.
Kxe4 Bf2 36. Na3 Bxe1 37. Rxc4 Qd7 0-1

[Event "Early-Titled-Tuesday-Blitz-March-05-2024"]
[Site "Chess.com"]
[Date "2024.03.05"]
[Round "3"]
[White "GoValya"]
[Black "stasOR4ik"]
[Result "1-0"]
[WhiteElo "2250"]
[BlackElo "2428"]
[TimeControl "180+1"]
[EndTime "8:30:42 PST"]
[Termination "GoValya won by checkmate"]

1. d4 Nf6 2. c4 e6 3. g3 d5 4. Bg2 c5 5. Nf3 Nc6 6. cxd5 exd5 7. O-O Bg4 8. Ne5 Nxe5 9. dxe5 Nd7 10. Qxd5 Be7 11.
Qxb7 Rb8 12. Qe4 Rb4 13. Qc2 Nxe5 14. Bf4 Ng6 15. Bc6+ Kf8 16. Be3 Qb6 17. Bg2 Rxb2 18. Qe4 Bxe2 19. Re1 Ba6 20. Nc3 Bb7 21. Nd5 Bxd5 22.
Qxd5 h5 23. Rac1 h4 24. Bxc5 Bxc5 25. Rxc5 Ne7 26. Qe5 Qf6 27. Rc8+ Nxc8 28. Qe8# 1-0

[Event "Early-Titled-Tuesday-Blitz-March-05-2024"]
[Site "Chess.com"]
[Date "2024.03.05"]
[Round "3"]
[White "xamax2000"]
[Black "manitodeplomo"]
[Result "0-1"]
[WhiteElo "2938"]
[BlackElo "2719"]
[TimeControl "180+1"]
[EndTime "8:30:43 PST"]
[Termination "manitodeplomo won by checkmate"]

1. Nf3 g6 2. d4 Bg7 3. e4 c5 4.
d5 d6 5. c4 e6 6. h3 exd5 7.
cxd5 a6 8. a4 Ne7 9. Bd3 O-O 10. O-O f5 11. Nc3 f4 12. e5 dxe5 13. Re1 Kh8 14. Nxe5 Nxd5 15. Bxg6 Bxe5 16. Nxd5 Qg5 17.
Rxe5 Qxe5 18. Bd2 Nc6 19. Bc3 Nd4 20. Nb6 Rb8 21. Bh5 Be6 22. b4 Rbd8 23. Rb1 Rg8 24. bxc5 Bxh3 25. Bf3 Bxg2 26. Bxg2 f3 27. Nc4 Rxg2+ 28.
Kf1 Qg7 29. Qxf3 Rg1# 0-1

[Event "Early-Titled-Tuesday-Blitz-March-05-2024"]
[Site "Chess.com"]
[Date "2024.03.05"]
[Round "3"]
[White "NLLO777"]
[Black "ValentunHulka"]
[Result "0-1"]
[WhiteElo "2510"]
[BlackElo "2778"]
[TimeControl "180+1"]
[EndTime "8:30:43 PST"]
[Termination "ValentunHulka won by resignation"]

1. d4 d5 2. c4 e6 3. Nf3 Nf6 4. g3 dxc4 5. Bg2 Nbd7 6. O-O c6 7. a4 b6 8. Qc2 Bb7 9. Qxc4 Rc8 10. Ne5 Nxe5 11.
dxe5 Nd7 12. Rd1 Qc7 13. Bf4 Be7 14. Nc3 O-O 15. Ne4 c5 16. Nd6 Bxd6 17. exd6 Qb8 18. Bxb7 Qxb7 19. b3 Rfe8 20. Rac1 a6 21. Be3 Red8 22.
b4 b5 23. axb5 axb5 24. Qg4 Ne5 25. Qh5 Nc4 26. Bxc5 Qe4 27. Qf3 Qxf3 28. exf3 Rd7 29. Ra1 f6 30. Ra7 Rxa7 31. Bxa7 Rd8 32. Bc5 Kf7 33.
f4 e5 34. fxe5 fxe5 35. Kg2 Ke6 36. Kf3 Nxd6 37. Rxd6+ Rxd6 38. Bxd6 Kxd6 39. Ke4 g6 40. h3 Ke6 41. f4 exf4 42. Kxf4 Kd5 43. Kg5 Kc4 44.
Kh6 Kxb4 45. Kxh7 Kc4 46. h4 b4 47. Kxg6 b3 48. h5 b2 49. h6 b1=Q+ 50. Kg7 Qb7+ 51. Kg8 Qb8+ 52. Kg7 Qa7+ 53. Kg8 Qb8+ 54. Kg7 Qxg3+ 55. Kf7 Qf4+ 56. Kg7 Qg5+ 57. Kh7 Kd5 0-1

[Event "Early-Titled-Tuesday-Blitz-March-05-2024"]
[Site "Chess.com"]
[Date "2024.03.05"]
[Round "3"]
[White "GWR2024"]
[Black "thesupera12"]
[Result "0-1"]
[WhiteElo "2121"]
[BlackElo "2469"]
[TimeControl "180+1"]
[EndTime "8:30:43 PST"]
[Termination "thesupera12 won by resignation"]

1. e4 d5 2. exd5 Qxd5 3. Nf3 Qa5 4. c4 Nf6 5. Nc3 Bg4 6. Be2 Nc6 7. O-O O-O-O 8. a3 e6 9. Rb1 Qf5 10. b4 Bxf3 11. Bxf3 Nd4 12. d3 Nxf3+ 13. Qxf3 Qxf3 14. gxf3 Rxd3 15. Bb2 Rxf3 16. Kg2 Rd3 17. Rbd1 Rxd1 18. Rxd1 Bd6 19. Nb5 a6 20. Nxd6+ cxd6 21. Rxd6 Rd8 22. Rb6 Kc7 23. c5 Nd5 24. Be5+ Kc8 25. Rd6 Rxd6 26. Bxd6 Kd7 27. Bf8 g6 28. Kg3 e5 29.
h4 Ke6 30. h5 Nc3 31. h6 Nb5 32. a4 Nd4 33. Kg4 f5+ 34. Kh4 Nf3+ 35. Kg3 Ng5 36. f4 Ne4+ 37. Kf3 exf4 38. Kxf4 g5+ 39.
Ke3 Kd5 40. Kd3 g4 41. Ke3 Nc3 42. Kf4 Nxa4 43. Kxf5 g3 44. Bd6 g2 45. Bh2 Nxc5 46.
bxc5 a5 47. Kf6 a4 48. Kg7 a3 49. Kxh7 a2 50. Kg8 a1=Q 51. h7 g1=Q+ 52. Bxg1 Qxg1+ 53.
Kh8 Qxc5 54. Kg8 b5 55. h8=Q Qc8+ 56. Kf7 Qxh8 57. Kg6 Qf8 0-1

[Event "Early-Titled-Tuesday-Blitz-March-05-2024"]
[Site "Chess.com"]
[Date "2024.03.05"]
[Round "3"]
[White "UnTucopalaTimba"]
[Black "Doublekk14"]
[Result "0-1"]
[WhiteElo "1992"]
[BlackElo "2345"]
[TimeControl "180+1"]
[EndTime "8:30:43 PST"]
[Termination "Doublekk14 won by resignation"]

1. e4 c5 2. Nf3 e6 3. c3 d5 4. exd5 exd5 5. d4 Nf6 6. Bb5+ Nc6 7. O-O Be7 8. Re1 O-O 9. Bf4 a6 10. Bd3 cxd4 11. cxd4 Bg4 12. Be2 Qb6 13. Bc1 Bb4 14.
Nc3 Rad8 15. Be3 Rfe8 16. h3 Bh5 17. a3 Bxc3 18. bxc3 Ne4 19. c4 Nc3 20. Qc2 Nxe2+ 21. Qxe2 dxc4 22. d5 Bxf3 23. Bxb6 Bxe2 24. dxc6 Rd6 25.
c7 Rxb6 26. Rxe2 Rc8 27. Rae1 Re6 28. Rxe6 fxe6 29. Rxe6 Rxc7 30. Re2 b5 31. Rc2 a5 32. Kf1 b4 33. axb4 axb4 34. Ke2 b3 35. Rb2 c3 36. Rxb3 c2 37. Rb8+ Kf7 0-1

[Event "Early-Titled-Tuesday-Blitz-March-05-2024"]
[Site "Chess.com"]
[Date "2024.03.05"]
[Round "3"]
[White "Harry_Rakkel"]
[Black "SpeedofLight0"]
[Result "0-1"]
[WhiteElo "2682"]
[BlackElo "3075"]
[TimeControl "180+1"]
[EndTime "8:30:44 PST"]
[Termination "SpeedofLight0 won on time"]

1. e4 Nc6 2. d4 d5 3. e5 Bf5 4. c3 e6 5. Nd2 f6 6. f4 h5 7. Ndf3 Nge7 8. Be3 Bg6 9. Bd3 Bxd3 10. Qxd3 Nf5 11. Bf2 fxe5 12. fxe5 g5 13. O-O-O g4 14.
Nd2 Bh6 15. Ne2 Qg5 16. Kb1 O-O-O 17. Nb3 Qg6 18. Ka1 Nfe7 19. Nc5 Rdf8 20. Qb5 b6 21. Qa6+ Kd8 22. Bh4 Ke8 23. Nd3 Bg5 24. Bxg5 Qxg5 25. g3 h4 26. Nef4 Kd7 27. b4 Nf5 28. Nc5+ bxc5 29. b5 Nd8 30. dxc5 hxg3 31. b6 Qxf4 32. bxc7 Nc6 33. Qb7 Rc8 34. hxg3 Qxe5 35. Rxh8 Qxc3+ 36. Kb1 Qxh8 0-1

[Event "Early-Titled-Tuesday-Blitz-March-05-2024"]
[Site "Chess.com"]
[Date "2024.03.05"]
[Round "3"]
[White "bancsoo"]
[Black "Chessdreamer2020"]
[Result "1-0"]
[WhiteElo "2927"]
[BlackElo "2524"]
[TimeControl "180+1"]
[EndTime "8:30:44 PST"]
[Termination "bancsoo won by resignation"]

1. d4 d6 2. Nf3 Bg4 3. e4 Nf6 4.
Nc3 e6 5. h3 Bh5 6. g4 Bg6 7.
Qe2 d5 8. exd5 Nxd5 9. Nxd5 Qxd5 10. Bg2 Qa5+ 11. c3 c6 12. Ne5 Nd7 13. Nxd7 Kxd7 14. b4 Qb6 15. a4 a6 16. Be3 Qc7 17. O-O Bd6 18. b5 axb5 19. axb5 Ra5 20. Rab1 Bxb1 21.
Rxb1 Rxb5 22. Rxb5 cxb5 23. Qxb5+ Ke7 24. c4 b6 25. Qg5+ Kf8 26. c5 bxc5 27. dxc5 Be7 28. Qh5 f6 29. c6 Bd6 30. g5 Qf7 31. Qd1 Ke7 32. Qb3 Rc8 33. Bc5 Rc7 34. Qb8 Rd7 35. Bxd6+ Rxd6 36. Qc7+ Kf8 37. Qxd6+ Kg8 38. c7 1-0

[Event "Early-Titled-Tuesday-Blitz-March-05-2024"]
[Site "Chess.com"]
[Date "2024.03.05"]
[Round "3"]
[White "Mikasinski"]
[Black "Kotofeyca"]
[Result "1-0"]
[WhiteElo "2623"]
[BlackElo "2452"]
[TimeControl "180+1"]
[EndTime "8:30:46 PST"]
[Termination "Mikasinski won on time"]

1. e4 c5 2. Nf3 d6 3. d4 cxd4 4. Nxd4 Nf6 5. Nc3 a6 6. Be2 e5 7. Nf3 h6 8. Nd2 b5 9. a4 b4 10. Nd5 Nxd5 11. exd5 g6 12. a5 Bg7 13. Nc4 O-O 14.
Ra4 b3 15. cxb3 Nd7 16. b4 Qe7 17. Be3 f5 18. Nb6 Nxb6 19. Bxb6 e4 20. Ra2 f4 21.
Bg4 f3 22. Bxc8 fxg2 23. Rg1 Raxc8 24. Rxg2 g5 25. Be3 Rc4 26. Qe2 Rxb4 27. Qxa6 Bxb2 28. Qc6 Qf7 29. Qxd6 Qf3 30. Qxb4 Qxg2 31. Rxb2 Qg1+ 32. Kd2 Rc8 33. Rc2 Rd8 34. Qxe4 Qa1 35. Qe6+ Kf8 36. Bc5+ Kg7 37. Qe7+ Kg6 38. Qxd8 1-0

[Event "Early-Titled-Tuesday-Blitz-March-05-2024"]
[Site "Chess.com"]
[Date "2024.03.05"]
[Round "3"]
[White "jamengrand"]
[Black "bazar-wokzal"]
[Result "1-0"]
[WhiteElo "2456"]
[BlackElo "2597"]
[TimeControl "180+1"]
[EndTime "8:30:46 PST"]
[Termination "jamengrand won on time"]

1. e4 Nc6 2. Nc3 Nf6 3. d4 d5 4. e5 Nd7 5. Nce2 Nb6 6. Ng3 h5 7. h4 Bg4 8. Be2 Qd7 9. c3 O-O-O 10. Nxh5 Bf5 11. Ng3 Bh7 12. Nf3 f6 13. Bf4 e6 14. h5 Nc4 15. b3 fxe5 16. dxe5 Nb6 17. Ng5 Bg8 18. O-O Be7 19. Bg4 Rf8 20. Qd2 Bxg5 21.
Bxg5 Nxe5 22. Bh3 Kb8 23. Rfe1 Nc6 24. Qe2 Re8 25. Rad1 Qd6 26. c4 Bf7 27. Qf3 Rhf8 28. cxd5 exd5 29. Qxf7 Rxe1+ 30. Rxe1 a5 31. Re8+ Rxe8 32.
Qxe8+ Ka7 33. Qg6 Qa3 34. Qxg7 d4 35. h6 Qxa2 36. h7 1-0

[Event "Early-Titled-Tuesday-Blitz-March-05-2024"]
[Site "Chess.com"]
[Date "2024.03.05"]
[Round "3"]
[White "Fernando_Offermann"]
[Black "Crazy_girl99"]
[Result "0-1"]
[WhiteElo "2447"]
[BlackElo "2534"]
[TimeControl "180+1"]
[EndTime "8:30:46 PST"]
[Termination "Crazy_girl99 won by resignation"]

1. Nf3 d5 2. g3 Nf6 3. Bg2 g6 4. O-O Bg7 5. d3 c5 6. Nbd2 Nc6 7. e4 e6 8. Re1 O-O 9. c3 b5 10. e5 Nd7 11. d4 b4 12. h4 Qb6 13. Nf1 f6 14. exf6 Nxf6 15. dxc5 Qxc5 16. Be3 Qb5 17. cxb4 Qxb4 18. Re2 Ne4 19. a3 Qd6 20. Rc1 Bd7 21.
N1d2 Nxd2 22. Rxd2 Rf7 23. Bc5 Qc7 24. Ng5 Rf6 25.
Ne4 Rf5 26. Nd6 Re5 27. b4 a6 28. f4 Rh5 29. Bf3 Rf5 30. Nxf5 gxf5 31. Kg2 Kh8 32. Bf2 Qd8 33. Rdc2 Ne7 34. Qd3 Bb5 35. Qd2 Qe8 36. Rc7 Ng6 37. Kh2 Rd8 38. Bh5 d4 39. Ra7 Rd7 40.
Rxd7 Qxd7 41. Bxg6 hxg6 42. Rc5 d3 43. h5 gxh5 44. Qd1 Qf7 45. Rc8+ Kh7 46. Rd8 Bf6 47. Rd6 e5 48. Bc5 e4 49. Qg1 Be7 50. Qd4 Bxd6 51. Bxd6 Qe6 52. Be5 e3 53. Qxe3 Qd5 54. Qa7+ Qd7 55.
Qb8 d2 56. Qh8+ Kg6 57. Qg8+ Kh6 58. Qg5+ Kh7 59. Qxh5+ Kg8 60. Qh8+ Kf7 61. Qh5+ Ke6 62. Qd1 Qd3 63. Bb8 Qe2+ 64. Qxe2+ Bxe2 0-1

[Event "Early-Titled-Tuesday-Blitz-March-05-2024"]
[Site "Chess.com"]
[Date "2024.03.05"]
[Round "3"]
[White "ural58"]
[Black "BardArtem"]
[Result "1/2-1/2"]
[WhiteElo "2505"]
[BlackElo "2708"]
[TimeControl "180+1"]
[EndTime "8:30:47 PST"]
[Termination "Game drawn by repetition"]

1. e4 d5 2. exd5 Qxd5 3. Nc3 Qe5+ 4. Be2 Bg4 5. d4 Bxe2 6. Ngxe2 Qa5 7. O-O Nf6 8. b4 Qxb4 9. Rb1 Qc4 10. Rxb7 e6 11.
Bf4 Na6 12. Nb5 Nd5 13. Nxa7 Nxf4 14. Nxf4 Bd6 15. Qd3 Qa4 16. Nh5 O-O 17. c4 Nb4 18. Qb3 Rxa7 19. Rxa7 Qxa7 20. c5 Nc6 21. cxd6 Nxd4 22.
Qb4 cxd6 23. Qxd6 Ne2+ 24. Kh1 Qxa2 25. Qe5 f6 26. Qc7 Rf7 27. Qd8+ Rf8 28. Qd7 Rf7 29.
Qe8+ Rf8 30. Qe7 Rf7 31. Qd8+ Rf8 32. Qd7 Rf7 33. Qc8+ Rf8 34. Qb7 Rf7 35. Qb8+ Rf8 36. Qc7 Rf7 37. Qd8+ 1/2-1/2

[Event "Early-Titled-Tuesday-Blitz-March-05-2024"]
[Site "Chess.com"]
[Date "2024.03.05"]
[Round "3"]
[White "Barmen_EV"]
[Black "Yan_Dyomin2010"]
[Result "0-1"]
[WhiteElo "2490"]
[BlackElo "2702"]
[TimeControl "180+1"]
[EndTime "8:30:48 PST"]
[Termination "Yan_Dyomin2010 won on time"]

1. e4 c5 2. c3 Nf6 3. e5 Nd5 4. d4 cxd4 5. Nf3 Nc6 6. cxd4 d6 7. Bc4 Nb6 8. Bxf7+ Kxf7 9. e6+ Kg8 10. d5 Nb4 11.
Nc3 N4xd5 12. Nxd5 Bxe6 13. Nf4 Bf7 14. Ng5 Qe8 15.
O-O e5 16. Nxf7 Qxf7 17. Nd3 h5 18. a4 e4 19. Nf4 Re8 20. b3 Rh6 21. a5 Nd7 22.
Nh3 Rf6 23. Ng5 Qg6 24. Re1 Re5 25. h4 Qf5 26. Be3 Nc5 27. Bxc5 dxc5 28. Ra2 c4 29. bxc4 Bc5 30. Qe2 e3 31. f3 Qf4 32.
Rd1 Qxh4 33. Ne4 Rxe4 34. fxe4 Rf2 35. Qe1 e2 36. Rd8+ Kh7 0-1

[Event "Early-Titled-Tuesday-Blitz-March-05-2024"]
[Site "Chess.com"]
[Date "2024.03.05"]
[Round "3"]
[White "alvarorodriguezavila"]
[Black "shirovin"]
[Result "0-1"]
[WhiteElo "2339"]
[BlackElo "2073"]
[TimeControl "180+1"]
[EndTime "8:30:48 PST"]
[Termination "shirovin won by resignation"]

1. e4 c5 2. d4 e6 3. d5 exd5 4. exd5 d6 5. c4 Nf6 6. Nc3 Be7 7. Nf3 O-O 8. Bd3 Re8 9. O-O Bg4 10. Bf4 a6 11. h3 Bxf3 12. Qxf3 Nbd7 13. Rfe1 Bf8 14. Qg3 Nh5 15. Rxe8 Qxe8 16. Qh4 g6 17. Bd2 Ne5 18.
Bf1 Qd8 19. Bg5 Qb6 20. b3 Ng7 21. Ne4 Nd7 22. g4 Re8 23. Re1 Qb4 24. Bd2 Qa3 25. Ng5 Nf6 26. Rxe8 Ngxe8 27. Bc3 Bg7 28. Qg3 Qxa2 29. Bd2 Qxd2 30. Qf3 Qxg5 0-1

[Event "Early-Titled-Tuesday-Blitz-March-05-2024"]
[Site "Chess.com"]
[Date "2024.03.05"]
[Round "3"]
[White "KoningKobe"]
[Black "Semetey"]
[Result "0-1"]
[WhiteElo "2430"]
[BlackElo "2599"]
[TimeControl "180+1"]
[EndTime "8:30:49 PST"]
[Termination "Semetey won by resignation"]

1. d4 d5 2. Nf3 Nf6 3. g3 Bf5 4.
Bg2 Nbd7 5. O-O e6 6. c4 c6 7. Nc3 Be7 8. b3 O-O 9. Bb2 a6 10. a4 h6 11. Re1 Bh7 12. a5 Bb4 13. Ne5 Nxe5 14. dxe5 Ne4 15. Bxe4 Bxe4 16. Ra4 Bxa5 17. b4 Bc7 18. Nxe4 dxe4 19. Qc2 e3 20. f4 b5 21. Ra3 a5 22. Rd1 Qb8 23. cxb5 cxb5 24. bxa5 Bxa5 25. Bd4 Rc8 26. Qe4 Bd2 27. Rb3 Ra4 28.
Rd3 Rcc4 29. Kg2 g6 30. R1xd2 exd2 31. Rxd2 Qa8 32. Kf3 Qa5 33. Rd1 Qb4 34. e3 Qb3 35. Rb1 Rxd4 36. Qxd4 Qxb1 37. Qd8+ Kh7 38. Qe7 Qe4+ 39.
Kg4 Qf5+ 40. Kf3 h5 0-1

[Event "Early-Titled-Tuesday-Blitz-March-05-2024"]
[Site "Chess.com"]
[Date "2024.03.05"]
[Round "3"]
[White "AldokhinIvan"]
[Black "XDPS"]
[Result "0-1"]
[WhiteElo "2669"]
[BlackElo "2908"]
[TimeControl "180+1"]
[EndTime "8:30:50 PST"]
[Termination "XDPS won by resignation"]

1. e4 d6 2. d4 g6 3. Nc3 Bg7 4. Bg5 a6 5. Qd2 b5 6. f4 Bb7 7. O-O-O Nd7 8. e5 b4 9. Nce2 a5 10. Nf3 Nh6 11. Ng3 Qb8 12. Bd3 e6 13. Rde1 d5 14.
f5 Nxf5 15. Bxf5 gxf5 16. Nxf5 exf5 17. e6 Nf6 18. Bxf6 Bxf6 19. Qh6 Qd8 20. Qh5 O-O 21. h4 fxe6 22. Ng5 Qd7 23. Nxe6 Rf7 24. Nc5 Qc6 25. Re6 Qb5 26. Rhe1 Raf8 27. Rxf6 Rxf6 28. Re7 Qf1+ 29. Kd2 Qxg2+ 30. Kc1 Qg1+ 31. Kd2 Qxd4+ 32. Nd3 R6f7 33.
Qg5+ Qg7 0-1

[Event "Early-Titled-Tuesday-Blitz-March-05-2024"]
[Site "Chess.com"]
[Date "2024.03.05"]
[Round "3"]
[White "Kopytkin"]
[Black "trriinu"]
[Result "1-0"]
[WhiteElo "2448"]
[BlackElo "2239"]
[TimeControl "180+1"]
[EndTime "8:30:50 PST"]
[Termination "Kopytkin won by checkmate"]

1. d4 d5 2. Nf3 c5 3. dxc5 Nc6 4. c4 d4 5. a3 a5 6. Bf4 f6 7. g3 e5 8. Bc1 Bxc5 9. Bg2 Nge7 10. Nbd2 Bf5 11.
O-O O-O 12. Nh4 Be6 13. Ne4 Ba7 14. Bd2 Bxc4 15. Rc1 Be6 16. Nc5 Bxc5 17. Rxc5 g5 18. Nf3 e4 19. Nxg5 fxg5 20. Rxg5+ Ng6 21. Bxe4 Bf7 22.
h4 Kh8 23. e3 d3 24. Bc3+ Nce5 25. Rxe5 Nxe5 26. Bxe5+ Kg8 27. Qg4+ Bg6 28. Bxg6 hxg6 29. Qxg6# 1-0

[Event "Early-Titled-Tuesday-Blitz-March-05-2024"]
[Site "Chess.com"]
[Date "2024.03.05"]
[Round "3"]
[White "Road2GM3000"]
[Black "JaloliddinIlkhomi"]
[Result "0-1"]
[WhiteElo "2503"]
[BlackElo "2745"]
[TimeControl "180+1"]
[EndTime "8:30:52 PST"]
[Termination "JaloliddinIlkhomi won by resignation"]

1. d4 e6 2. c4 Nf6 3. Nc3 Bb4 4. Nf3 O-O 5. Bg5 b6 6. e3 Bb7 7. Bd3 d5 8. cxd5 exd5 9. O-O Nbd7 10. Qc2 h6 11.
Bh4 Re8 12. Rac1 c5 13. a3 Bxc3 14. bxc3 Qe7 15. a4 Rac8 16. Qb1 Qe6 17. Bf5 Qd6 18.
Ne5 Nxe5 19. dxe5 Qxe5 20. Bxc8 Rxc8 21. a5 Qe6 22. axb6 axb6 23. Bxf6 Qxf6 24. Qb2 Rc6 25. Ra1 Qe7 26. Ra7 Rg6 27. g3 Rf6 28. Qd2 d4 29.
exd4 Qe4 30. Rxb7 Qxb7 31. dxc5 bxc5 32. Qd8+ Kh7 33. Qd3+ g6 34. Qe3 Qd5 35. Ra1 Kg7 36.
Ra5 Rb6 37. Ra1 Re6 38. Qf4 Rf6 39. Qe3 Rf3 40. Qc1 c4 41. Qc2 Rd3 42. Rc1 Qe4 43. Qa4 Rd2 44. Qa7 Qd3 45. Qc5 Qe4 46. Qb6 Rd5 47. Qe3 Qxe3 48. fxe3 Rd2 49. Kf1 Rxh2 50. Re1 Rh1+ 51. Kf2 Rxe1 52. Kxe1 Kf6 53. Kf2 Ke5 54. Kf3 f5 55. g4 fxg4+ 56. Kxg4 Ke4 0-1

[Event "Early-Titled-Tuesday-Blitz-March-05-2024"]
[Site "Chess.com"]
[Date "2024.03.05"]
[Round "3"]
[White "pr1105"]
[Black "betta2004"]
[Result "1-0"]
[WhiteElo "2361"]
[BlackElo "2551"]
[TimeControl "180+1"]
[EndTime "8:30:52 PST"]
[Termination "pr1105 won by resignation"]

1. e4 e5 2. Nf3 Nf6 3. Nxe5 Nc6 4. Nxc6 dxc6 5. d3 Bc5 6. h3 h5 7. Be2 Qd6 8. Nc3 Be6 9. Bg5 O-O-O 10. Qd2 Bd4 11.
O-O Kb8 12. Be3 Be5 13. f4 Bxc3 14. Qxc3 Nd7 15. f5 Ne5 16. Bf4 f6 17. Bxe5 fxe5 18. fxe6 Qxe6 19. Rf5 Rde8 20. Raf1 h4 21. Bg4 Qd6 22.
Kh2 b6 23. b3 Kb7 24. a4 a5 25. Rf7 Qg6 26. R1f5 Re6 27. Rd7 Rd6 28. Re7 Qh6 29. Rff7 b5 30. Rxc7+ Kb6 31. Rb7+ Ka6 32. Qc5 Qf4+ 33.
Rxf4 Kxb7 34. Rf7+ 1-0

[Event "Early-Titled-Tuesday-Blitz-March-05-2024"]
[Site "Chess.com"]
[Date "2024.03.05"]
[Round "3"]
[White "Triumphmate"]
[Black "ViIIagra"]
[Result "0-1"]
[WhiteElo "2525"]
[BlackElo "2931"]
[TimeControl "180+1"]
[EndTime "8:30:53 PST"]
[Termination "ViIIagra won on time"]

1. e4 e5 2. Nf3 Nc6 3. Nc3 h6 4. Bb5 Nge7 5. d4 exd4 6. Nxd4 Nxd4 7. Qxd4 Nc6 8. Bxc6 dxc6 9. Qxd8+ Kxd8 10. Bf4 Be6 11.
O-O-O+ Kc8 12. Ne2 a5 13. Nd4 Bxa2 14. b3 Ba3+ 15.
Kd2 a4 16. Kc3 axb3 17. cxb3 Ra5 18. Ra1 Rd8 19. Rxa2 Bb4+ 20. Kxb4 Rxa2 21. Be3 Re8 22. Kc3 Rxe4 23. Nf5 g6 24. Nxh6 b6 25. Nxf7 c5 26.
Ng5 Rb4 27. h4 Ra3 28. Rb1 Rxh4 29. Nf3 Rg4 30. g3 Re4 31. Nd2 Re6 0-1

[Event "Early-Titled-Tuesday-Blitz-March-05-2024"]
[Site "Chess.com"]
[Date "2024.03.05"]
[Round "3"]
[White "iJueles"]
[Black "KnightmareJoker"]
[Result "1-0"]
[WhiteElo "2480"]
[BlackElo "2221"]
[TimeControl "180+1"]
[EndTime "8:30:54 PST"]
[Termination "iJueles won by resignation"]

1. c4 e6 2. Nf3 d5 3. g3 Nf6 4. Bg2 c5 5. O-O Nc6 6. cxd5 exd5 7. d4 Be6 8. Nc3 Be7 9. Bg5 h6 10. Bxf6 Bxf6 11. dxc5 O-O 12. e3 Ne7 13. Nd4 Rc8 14. Na4 Qd7 15. b4 Nc6 16. a3 Ne5 17. Nb2 a5 18. Qa4 Nc6 19. Rfd1 Ra8 20. b5 Ne5 21. Rac1 Bg4 22. Rd2 Bh3 23. c6 bxc6 24. bxc6 Qg4 25. Bxd5 Rfd8 26. Bh1 Rdc8 27. Nd3 Qg6 28. Nf4 Qg4 29. Nxh3 Qxh3 30. Bg2 Qg4 31. c7 h5 32. Qc2 h4 33. Bxa8 hxg3 34. hxg3 Ng6 35. Bg2 Ne5 36. Qf5 Qxf5 37. Nxf5 Kf8 38. Nd6 1-0

[Event "Early-Titled-Tuesday-Blitz-March-05-2024"]
[Site "Chess.com"]
[Date "2024.03.05"]
[Round "3"]
[White "MikeSailer"]
[Black "ChempionBg"]
[Result "0-1"]
[WhiteElo "2171"]
[BlackElo "2403"]
[TimeControl "180+1"]
[EndTime "8:30:54 PST"]
[Termination "ChempionBg won by resignation"]

1. d4 Nf6 2. Nf3 g6 3. Bf4 Bg7 4. e3 O-O 5. Be2 d6 6. O-O Nbd7 7. h3 b6 8. c4 Bb7 9. Nc3 Ne4 10. Nxe4 Bxe4 11.
Rc1 e5 12. Bh2 exd4 13. exd4 Re8 14. Re1 Qf6 15. Qa4 Nf8 16. Red1 Ne6 17. d5 Nc5 18.
Qc6 Qxb2 19. Bf1 Qxa2 20. Qxc7 Nb3 21. Ng5 Nxc1 22. Qxf7+ Kh8 23. Nxe4 Rxe4 24. Rxc1 Rf8 25. Qd7 Qxf2+ 26. Kh1 Re1 0-1

[Event "Early-Titled-Tuesday-Blitz-March-05-2024"]
[Site "Chess.com"]
[Date "2024.03.05"]
[Round "3"]
[White "Nemegejas"]
[Black "MagnusCarlsen"]
[Result "0-1"]
[WhiteElo "2788"]
[BlackElo "3277"]
[TimeControl "180+1"]
[EndTime "8:30:55 PST"]
[Termination "MagnusCarlsen won by resignation"]

1. d4 g6 2. c4 Bg7 3. e4 d6 4. Nc3 e5 5. Be3 Nc6 6. Nge2 f5 7. exf5 gxf5 8. dxe5 dxe5 9. Qxd8+ Nxd8 10. g3 c6 11. O-O-O Nf6 12. f3 Be6 13. Bh3 h5 14. Rd6 Bf8 15. Rxe6+ Nxe6 16. Bxf5 Kf7 17. Kb1 Bh6 18.
Bf2 Rhd8 19. g4 Ng7 20. Ng3 Nxf5 21. Nxf5 Bd2 22. Bh4 Bxc3 23. bxc3 Rd3 24. Rf1 Rad8 25. g5 Ne8 26. g6+ Kxg6 27. Bxd8 Kxf5 28. Ba5 Nd6 29.
Kc2 Re3 30. Kb3 b6 31. c5 bxc5 32. Bc7 Nb5 33. Ba5 Nd4+ 34. Kc4 Nxf3 35. Kxc5 e4 36. c4 Ra3 37. Bc7 Rxa2 38. Kxc6 Rc2 39. c5 Ke6 40. Bd6 Nd4+ 41. Kb7 e3 42. Re1 e2 43. Bg3 Nf3 44. c6 Nxe1 45. Bxe1 0-1